 Dungeon Crawl Stone Soup version 0.27-a0-1280-g9d2d252d84 (webtiles) character file.

Game seed: 169926250857463854

28 Glokmah the Chucker (level 3, 0/37 HPs)
             Began as an Ogre Hunter on June 13, 2021.
             Slain by an adder (1 damage)
             ... on level 2 of the Dungeon.
             The game lasted 00:02:10 (1293 turns).

Glokmah the Chucker (Ogre Hunter)                   Turns: 1293, Time: 00:02:11

Health: 0/37       AC:  3    Str: 16    XL:     3   Next: 14%
Magic:  3/3        EV: 10    Int: 12    God:
Gold:   27         SH:  0    Dex: 10    Spells: 2/2 levels left

rFire    . . .     SeeInvis .   a - +0 morningstar
rCold    . . .     Faith    .   (no shield)
rNeg     . . .     Spirit   .   b - +0 robe
rPois    .         Reflect  .   (helmet restricted)
rElec    .         Harm     .   (no cloak)
rCorr    .         Rampage  .   (gloves unavailable)
Will     .....                  (boots unavailable)
Stlth    +.........             (no amulet)
HPRegen  0.12/turn              (no ring)
MPRegen  0.08/turn              (no ring)

@: no status effects
A: large, unfitting armour, tough skin 1, evolution 1
a: no special abilities


You were on level 2 of the Dungeon.
You visited 1 branch of the dungeon, and saw 2 of its levels.

You collected 27 gold pieces.

Inventory:

Hand Weapons
 a - a +0 morningstar (weapon)
 k - a +0 short sword
Missiles
 c - 4 large rocks (quivered)
 d - a throwing net
 h - 45 stones
Armour
 b - a +0 robe (worn)
Scrolls
 e - a scroll of enchant weapon {unknown}
 i - 2 scrolls of identify {unknown}
 j - a scroll of amnesia {unknown}
 l - a scroll of immolation {unknown}
Potions
 g - a potion of lignification {unknown}


   Skills:
 + Level 3.2 Fighting
 + Level 0.0 Maces & Flails
 * Level 4.5 Throwing
 + Level 2.2 Dodging
 - Level 0.6 Stealth


You had 2 spell levels left.
You didn't know any spells.
Your spell library was empty.

Dungeon Overview and Level Annotations

Branches:
Dungeon (2/15)

Altars:


Innate Abilities, Weirdness & Mutations

You are too large for most types of armour.
You have tough skin. (AC +1)
You evolve.


Message History

The adder is severely wounded.
The adder bites you.
You are poisoned.
The adder poisons you! The adder bites you.
You miss the adder.
The adder is severely wounded.
You feel very sick. The adder bites you but does no damage.
The adder closely misses you.
You barely miss the adder.
The adder is severely wounded.
You feel sick. The adder bites you.
* * * LOW HITPOINT WARNING * * *
The adder bites you.
* * * LOW HITPOINT WARNING * * *
Unknown command.
Throw: 47 stones
Press: ? - help, Q - select action, (/) - cycle Shift-Dir - straight line, f - adder
Aim: an adder (severely wounded, 40% to hit)
You throw a stone. The stone hits the adder.
The adder is almost dead.
You feel sick. The adder bites you.
* * * LOW HITPOINT WARNING * * *
Throw: 46 stones
Press: ? - help, Q - select action, (/) - cycle Shift-Dir - straight line, f/p - adder
Aim: an adder (almost dead, 40% to hit)
You throw a stone. The stone closely misses the adder.
* * * LOW HITPOINT WARNING * * *
You feel sick. The adder misses you.
Throw: 5 large rocks
Press: ? - help, Q - select action, (/) - cycle Shift-Dir - straight line, f/p - adder
Aim: an adder (almost dead, 40% to hit)
You throw a large rock. The large rock misses the adder.
* * * LOW HITPOINT WARNING * * *
You feel sick.
You are no longer poisoned.
The adder bites you but does no damage. The adder misses you.
It was a potion of mutation.
You feel extremely strange.
You feel nature experimenting on you.
Don't worry, failures die fast.
The adder bites you.
You die...

.# .# ####.#
#####.(..#
#.⌠.⌠.⌠..# ..
#.(......#..#
#.⌠._.S.....#
#.....@#
#...⌠..####.#
####..#.......>..
.........#####.##
#.....#..#####.
#........).....
#..####..######
#..####....#
#..........#


You could see an adder.

Vanquished Creatures
  3 endoplasms (D:1)
  A goblin (D:2)
  3 hobgoblins (D:1)
  4 jackals (D:1)
  3 kobolds (D:1)
  3 quokkas (D:1)
  2 ball pythons (D:1)
  2 bats (D:1)
  3 frilled lizards
  A rat (D:2)
25 creatures vanquished.

Notes
Turn   | Place    | Note
-------+----------+-------------------------------------------
     0 | D:1      | Glokmah the Ogre Hunter began the quest for the Orb.
     0 | D:1      | Reached XP level 1. HP: 22/22 MP: 1/1
   345 | D:1      | Reached XP level 2. HP: 31/31 MP: 2/2
  1064 | D:1      | Reached XP level 3. HP: 37/37 MP: 3/3
  1267 | D:2      | Found a faded altar of an unknown god.
  1292 | D:2      | HP: 1/37 [poisoned by an adder]
  1293 | D:2      | Gained mutation: You evolve. [potion of mutation]
  1293 | D:2      | Slain by an adder

Illustrated notes

Levels and vault maps discovered:
D:1:      onia_arrival_pentagram, layout_loops_ring, roderic_roman_lattice,
          grunt_decor_fettered, minmay_tetromino_l2
D:2:      layout_loops_ring, hellmonk_ecumenical_altar_run_dry,
          chequers_serial_rivers_small_b

Skill      XL: |  1 |
---------------+----+-----
Fighting       | 3 |  3.2
Dodging        | 2 |  2.2
Throwing       | |  4.5
Stealth        | |  0.6

Action                   || total
-------------------------++-------
Melee: Short sword       ||    58
       Morningstar       ||    30
Throw: Large rock        ||     9
       Throwing net      ||     1
       Stone             ||    29
  Use: Potion            ||     1
Armor: Robe              ||    43
Dodge: Dodged            ||    82

Table legend: (Time is in decaauts)
 A = Elapsed time spent in this place.
 B = Non-inter-level travel time spent in this place.
 C = Inter-level travel time spent in this place.
 D = Time resting spent in this place.
 E = Time spent auto-exploring this place.
 F = Levels seen in this place.
 G = Mean time per level.
                   A        B        C        D        E       F      G
               +--------+--------+--------+--------+--------+-----+--------+
         Total |   1318 |   1274 |     44 |    268 |    699 |   2 |  659.0 |
       Dungeon |   1318 |   1274 |     44 |    268 |    699 |   2 |  659.0 |
               +--------+--------+--------+--------+--------+-----+--------+

Top non-repeatable levels by time:
     D:1: 1248 daAuts
     D:2: 70 daAuts
